 Dungeon Crawl Stone Soup version 0.26-a0-940-gf7e0b5f775 (webtiles) character file.

Game seed: 17189384835567178953

2034 Demosthentine the Shield-Bearer (level 9, -3/71 HPs)
             Began as a Formicid Fighter on Nov 28, 2020.
             Was a Believer of Cheibriados.
             Slain by Gastronok (27 damage)
             ... on level 8 of the Dungeon.
             The game lasted 00:06:04 (7184 turns).

Demosthentine the Shield-Bearer (Formicid Fighter)  Turns: 7184, Time: 00:06:05

Health: -3/71      AC: 11    Str: 27    XL:     9   Next: 48%
Magic:  9/9        EV: 12    Int: 12    God:    Cheibriados [**....]
Gold:   443        SH: 13    Dex: 15    Spells: 8/8 levels left

rFire    . . .     SeeInvis +   a - +0 war axe
rCold    . . .     Faith    .   c - +1 kite shield
rNeg     . . .     Spirit   .   b - +0 scale mail
rPois    .         Reflect  .   (helmet unavailable)
rElec    .         Harm     .   n - +1 cloak
rCorr    .         Rampage  .   r - +0 pair of gloves
MR       .....                  (no boots)
Stlth    ..........             (no amulet)
HPRegen  0.21/turn              t - ring of teleportation (curse)
MPRegen  0.11/turn              (no ring)

@: very slow
A: permanent stasis, dig shafts and tunnels, four strong arms, antennae 3
a: Dig, Shaft Self, Bend Time, Renounce Religion


You were on level 8 of the Dungeon.
You worshipped Cheibriados.
Cheibriados was pleased with you.
You visited 2 branches of the dungeon, and saw 9 of its levels.

You collected 443 gold pieces.

Inventory:

Hand Weapons
 a - a +0 war axe (weapon)
Armour
 b - a +0 scale mail (worn)
 c - a +1 kite shield (worn)
 n - a +1 cloak (worn)
 r - a +0 pair of gloves (worn)
Jewellery
 t - a cursed ring of teleportation (left hand)
Wands
 g - a wand of iceblast (10)
 k - a wand of flame (20)
 m - a wand of polymorph (10)
 o - a wand of digging (4)
 s - a wand of paralysis (2)
 u - a wand of acid (3)
Scrolls
 e - 3 scrolls of identify
 f - 4 scrolls of remove curse
 v - a scroll of enchant armour
Potions
 d - 2 potions of might
 h - 2 potions of brilliance
 i - 4 potions of curing
 j - 3 potions of heal wounds
 l - 3 potions of attraction
 p - 2 potions of ambrosia
 q - a potion of flight


   Skills:
 + Level 6.6 Fighting
 + Level 5.6 Axes
 + Level 6.6 Armour
 + Level 4.6 Dodging
 + Level 7.3 Shields


You had 8 spell levels left.
You didn't know any spells.
Your spell library was empty.

Dungeon Overview and Level Annotations

Branches:
Dungeon (8/15)             Temple (1/1) D:5
   Lair: D:8-11

Altars:
Ashenzari
Cheibriados
Dithmenos
Elyvilon
Fedhas
Gozag
Hepliaklqana
Kikubaaqudgha
Nemelex Xobeh
Okawaru
Qazlal
Ru
Sif Muna
Trog
Uskayaw
Vehumet
Wu Jian
Xom
Yredelemnul
Zin
The Shining One

Shops:
D:6 (

Annotations:
D:8 Gastronok


Innate Abilities, Weirdness & Mutations

You cannot be hasted, slowed, berserked, paralysed or teleported.
You can dig through walls and to a lower floor.
Your four strong arms can wield two-handed weapons with a shield.
You have a pair of large antennae on your head. (SInv)


Message History

You block Gastronok's attack.
You slash Gastronok!
Gastronok is moderately wounded.
Gastronok bites you but does no damage.
You slash Gastronok!
Gastronok is heavily wounded.
You hit Gastronok.
Gastronok is heavily wounded.
Gastronok bites you!!
You are too injured to fight recklessly!
You are too injured to fight recklessly!
You are too injured to fight recklessly!
You are too injured to fight recklessly!
You are too injured to fight recklessly!
You slash Gastronok!
Gastronok is heavily wounded.
You slash Gastronok!
Gastronok is heavily wounded.
Gastronok bites you!!
You die...

.# .# .# #
##.#.## #...
.#
#######.##.#
+...w@.....#
#######.####
#.# ###.###
#.....#
###.#.#.###
#.........#
#.#.......#
#.#>#.#.###


You could see Gastronok.

Vanquished Creatures
  Sigmund (D:5)
  Eustachio (D:6)
  An orc warrior (D:7)
  2 sky beasts
  A black bear (D:7)
  2 phantoms
  6 bullfrogs
  A scorpion (D:7)
  A bullfrog zombie (D:5)
  A centaur zombie (D:5)
  A hound (D:7)
  3 jellies
  An orc priest (D:7)
  A bullfrog skeleton (D:5)
  4 iguanas
  Ijyb (D:5)
  An orc wizard (D:7)
  A worker ant (D:7)
  7 gnolls
  8 adders
  A shadow imp (D:5)
  2 white imps (D:5)
  2 oozes
  An adder zombie (D:6)
  5 worms
  3 dart slugs
  5 leopard geckos
  24 orcs
  3 giant cockroaches
  8 goblins
  12 hobgoblins
  2 jackals (D:1)
  3 quokkas
  14 bats
  7 frilled lizards
  9 kobolds
  A leopard gecko skeleton (D:4)
  2 leopard gecko zombies (D:7)
  7 rats
156 creatures vanquished.

Notes
Turn   | Place    | Note
-------+----------+-------------------------------------------
     0 | D:1      | Demosthentine the Formicid Fighter began the quest for the
                  | Orb.
     0 | D:1      | Reached XP level 1. HP: 18/18 MP: 1/1
    25 | D:1      | Reached XP level 2. HP: 11/24 MP: 2/2
   277 | D:1      | Reached XP level 3. HP: 29/29 MP: 3/3
   513 | D:1      | Reached skill level 4 in Shields
   723 | D:1      | Reached skill level 1 in Dodging
   936 | D:2      | Reached XP level 4. HP: 25/37 MP: 4/4
  1812 | D:3      | Found a stormy altar of Qazlal.
  1950 | D:3      | Reached XP level 5. HP: 42/42 MP: 5/5
  2806 | D:4      | Reached XP level 6. HP: 41/48 MP: 6/6
  3284 | D:5      | Entered Level 5 of the Dungeon
  3296 | D:5      | Reached skill level 5 in Shields
  3742 | D:5      | Reached XP level 7. HP: 54/55 MP: 7/7
  4077 | D:5      | Found a staircase to the Ecumenical Temple.
  4107 | Temple   | Entered the Ecumenical Temple
  4156 | Temple   | Became a worshipper of Cheibriados the Contemplative
  4455 | D:5      | Noticed Ijyb
  4455 | D:5      | Noticed Sigmund
  4480 | D:5      | Killed Ijyb
  4488 | D:5      | Killed Sigmund
  4717 | D:5      | Reached skill level 5 in Fighting
  4720 | D:5      | Reached skill level 5 in Armour
  5325 | D:6      | Found an ancient bone altar of Kikubaaqudgha.
  5451 | D:6      | Reached XP level 8. HP: 50/62 MP: 8/8
  5550 | D:6      | Noticed Eustachio
  5566 | D:6      | Killed Eustachio
  5567 | D:6      | Reached skill level 6 in Shields
  5635 | D:6      | Reached * piety under Cheibriados
  5905 | D:6      | Found Cujo Xeso's Antique Weapon Boutique.
  6396 | D:7      | Reached skill level 5 in Axes
  6396 | D:7      | Reached XP level 9. HP: 43/69 MP: 9/9
  6408 | D:7      | Reached ** piety under Cheibriados
  6409 | D:7      | Reached skill level 7 in Shields
  7171 | D:8      | Noticed Gastronok
  7184 | D:8      | Slain by Gastronok

Illustrated notes

Levels and vault maps discovered:
D:1:      shiori_arrival_maze, layout_loops_ring, hangedman_glass_teeth,
          minmay_ruptured
D:2:      layout_rooms
D:3:      layout_basic, roderic_lattice_a, grunt_qazlal_clouds
D:4:      layout_cave_pools
D:5:      layout_basic, minmay_temple_entry_glassed_door, uniq_sigmund,
          uniq_ijyb
D:6:      layout_loops_corners, basic_altar, serial_shops,
          nicolae_shop_window_shopping, uniq_eustachio
D:7:      layout_rooms
D:8:      layout_basic, lemuel_crystal_altar, uniq_grum, uniq_gastronok
Temple:   regret_index_temple_sigil_plot

Skill      XL: |  1  2  3  4  5  6  7  8  9 |
---------------+----------------------------+-----
Shields        | 4 5 6 7 |  7.3
Dodging        | 1 2 3 4 |  4.6
Fighting       | 4 5 6 |  6.6
Armour         | 4 5 6 |  6.6
Axes           | 3 4 5 |  5.6

Action                   |  1- 3 |  4- 6 |  7- 9 || total
-------------------------+-------+-------+-------++-------
Melee: War axe           |   117 |   207 |   255 ||   579
  Use: Scroll            |     4 |     8 |     7 ||    19
       Potion            |       |       |     1 ||     1
Armor: Scale mail        |    62 |    75 |    91 ||   228
Dodge: Dodged            |    60 |    61 |   111 ||   232
Block: Kite shield       |    61 |   127 |   192 ||   380

Table legend: (Time is in decaauts)
 A = Elapsed time spent in this place.
 B = Non-inter-level travel time spent in this place.
 C = Inter-level travel time spent in this place.
 D = Time resting spent in this place.
 E = Time spent auto-exploring this place.
 F = Levels seen in this place.
 G = Mean time per level.
                   A        B        C        D        E       F      G
               +--------+--------+--------+--------+--------+-----+--------+
         Total |   7974 |   7803 |    171 |    674 |   5777 |   9 |  886.0 |
       Dungeon |   7567 |   7396 |    171 |    674 |   5424 |   8 |  945.9 |
        Temple |    406 |    406 |      0 |      0 |    353 |   1 |  406.0 |
               +--------+--------+--------+--------+--------+-----+--------+

Top non-repeatable levels by time:
     D:5: 1726 daAuts
     D:6: 1229 daAuts
     D:3: 1172 daAuts
     D:7: 1017 daAuts
     D:1: 967 daAuts
     D:2: 752 daAuts
     D:4: 652 daAuts
  Temple: 406 daAuts
     D:8: 49 daAuts
